 Dungeon Crawl Stone Soup version 0.28.0-43-g3370ac3207 (webtiles) character file.

Game seed: 8759095634868055354

56 jimonade the Chucker (level 3, -2/28 HPs)
             Began as a Gnoll Wanderer on Mar 14, 2022.
             Slain by a scorpion (5 damage)
             ... on level 2 of the Dungeon.
             The game lasted 00:03:11 (1117 turns).

jimonade the Chucker (Gnoll Wanderer)               Turns: 1117, Time: 00:03:12

Health: -2/28      AC:  3    Str: 15    XL:     3   Next: 97%
Magic:  6/6        EV: 11    Int:  9    God:
Gold:   32         SH:  0    Dex: 11    Spells: 4/4 levels left

rFire   . . .      SeeInvis .   a - +0 hand crossbow (vorpal)
rCold   . . .      Faith    .   (no shield)
rNeg    . . .      Spirit   .   f - +0 leather armour
rPois   .          Reflect  .   (no helmet)
rElec   .          Harm     .   (no cloak)
rCorr   .          Rampage  .   (no gloves)
Will    .....                   (no boots)
Stlth   +.........              (no amulet)
HPRegen 0.09/turn               (no ring)
MPRegen 0.10/turn               (no ring)

@: lethally poisoned (-2 -> -3)
A: fangs 1, strong nose, distributed training
a: no special abilities


You were on level 2 of the Dungeon.
You visited 1 branch of the dungeon, and saw 2 of its levels.

You collected 32 gold pieces.

Inventory:

Hand Weapons
 a - a +0 vorpal hand crossbow (weapon)
 c - a +0 falchion
 e - a +0 dagger
Missiles
 b - 33 bolts (quivered ammo)
 d - 12 poisoned darts
 j - 22 arrows
 q - 19 sling bullets
 r - 71 stones
Armour
 f - a +0 leather armour (worn)
 k - a +0 kite shield
Scrolls
 g - a scroll of fog {unknown}
 i - 2 scrolls of noise {unknown}
 l - a scroll of fear {unknown}
 m - a scroll of teleportation {unknown}
 n - a scroll of vulnerability {unknown}
 o - a scroll of immolation {unknown}
 p - a scroll of acquirement {unknown}
Potions
 h - a potion of curing {unknown}


   Skills:
 + Level 2.7 Fighting
 + Level 1.0 Short Blades
 + Level 2.7 Long Blades
 + Level 1.0 Axes
 + Level 1.0 Maces & Flails
 + Level 1.0 Polearms
 + Level 1.0 Staves
 + Level 1.0 Slings
 + Level 1.0 Bows
 + Level 4.6 Crossbows
 + Level 6.5 Throwing
 + Level 2.7 Armour
 + Level 1.0 Dodging
 + Level 1.0 Stealth
 + Level 1.0 Shields
 + Level 1.0 Unarmed Combat
 + Level 1.0 Spellcasting
 + Level 0.7 Conjurations
 + Level 0.7 Hexes
 + Level 0.7 Summonings
 + Level 0.7 Necromancy
 + Level 0.7 Translocations
 + Level 0.7 Transmutations
 + Level 0.7 Fire Magic
 + Level 0.7 Ice Magic
 + Level 0.7 Air Magic
 + Level 0.7 Earth Magic
 + Level 0.7 Poison Magic
 + Level 4.6 Invocations
 + Level 1.0 Evocations


You had 4 spell levels left.
You didn't know any spells.
Your spell library was empty.

Dungeon Overview and Level Annotations

Branches:
Dungeon (2/15)

Altars:


Innate Abilities, Weirdness & Mutations

You have very sharp teeth.
Your uncanny sense of smell can sniff out nearby items.
Your experience applies equally to all skills.


Message History

A kobold comes into view. It is wielding a +0 whip.
Found 25 stones.
A kobold is nearby!
You shoot a bolt. The bolt hits the kobold!
You kill the kobold!
No target in view!
r - 71 stones (gained 25)
A scorpion comes into view.
You shoot a bolt. The bolt barely misses the scorpion.
You shoot a bolt.
The bolt hits the scorpion but does no damage.
You shoot a bolt. The bolt hits the scorpion.
The scorpion is moderately wounded.
You shoot a bolt.
The bolt hits the scorpion but does no damage.
The scorpion is moderately wounded.
The scorpion closely misses you.
You shoot a bolt.
The bolt hits the scorpion but does no damage.
The scorpion is moderately wounded.
The scorpion stings you.
You are poisoned.
The scorpion poisons you! The scorpion stings you!
You feel very sick.
You feel very sick.
You are too injured to fight recklessly!
You are too injured to fight recklessly!
You feel sick.
You are too injured to fight recklessly!
You feel sick. The scorpion misses you.
You are too injured to fight recklessly!
* * * LOW HITPOINT WARNING * * *
You feel sick.
You are too injured to fight recklessly!
You feel sick.
The scorpion stings you but does no damage.
Unknown command.
You feel sick.
You feel sick. The scorpion stings you.
You die...

...............)............
##
..#####.##.#################
................. #
#.##..#####.##.#### #
......#####.##.# #
.....((((....#.# #
#.##..###......# ## #.
#.####s######### #. # #.#
#.@........ ######. ..#
#.########. ....... ....
.... ....... ###..###.#.
######. #.. #.#.# ..#####..
.. #.. . ......... ..
#..##....##.#.## #........
#..#..##......... ########.
..#..##.......### ########.


You could see a scorpion.

Vanquished Creatures
  Jessica (D:2)
  An adder (D:2)
  A bat (D:1)
  2 endoplasms
  A giant cockroach (D:2)
  4 goblins
  A hobgoblin (D:2)
  4 kobolds
  A quokka (D:2)
  3 frilled lizards
  2 rats (D:1)
21 creatures vanquished.

Notes
Turn   | Place    | Note
-------+----------+-------------------------------------------
     0 | D:1      | jimonade the Gnoll Wanderer began the quest for the Orb.
     0 | D:1      | jimonade set off with the following items: a +0 vorpal hand
                  | crossbow, 26 bolts, a +0 falchion, 12 poisoned darts, a +0
                  | dagger, a +0 leather armour
     0 | D:1      | Reached XP level 1. HP: 17/17 MP: 3/3
   344 | D:1      | Reached XP level 2. HP: 23/23 MP: 5/5
   598 | D:1      | Found a faded altar of an unknown god.
   805 | D:2      | Reached XP level 3. HP: 28/28 MP: 6/6
  1031 | D:2      | Noticed Jessica
  1033 | D:2      | Killed Jessica
  1034 | D:2      | Reached skill level 1 in Short Blades
  1034 | D:2      | Reached skill level 1 in Axes
  1034 | D:2      | Reached skill level 1 in Maces & Flails
  1034 | D:2      | Reached skill level 1 in Polearms
  1034 | D:2      | Reached skill level 1 in Staves
  1034 | D:2      | Reached skill level 1 in Slings
  1034 | D:2      | Reached skill level 1 in Bows
  1034 | D:2      | Reached skill level 1 in Dodging
  1034 | D:2      | Reached skill level 1 in Stealth
  1034 | D:2      | Reached skill level 1 in Shields
  1034 | D:2      | Reached skill level 1 in Unarmed Combat
  1034 | D:2      | Reached skill level 1 in Spellcasting
  1034 | D:2      | Reached skill level 1 in Evocations
  1101 | D:2      | Noticed a scorpion
  1117 | D:2      | Slain by a scorpion

Illustrated notes

Levels and vault maps discovered:
D:1:      evilmike_arrival_home_sweet_home, layout_basic,
          dreamdust_ecumenical_altar_angels_and_demons, interstate_on_off
D:2:      layout_basic, uniq_natasha, uniq_jessica

Skill      XL: |  1  2  3 |
---------------+----------+-----
Short Blades   | 1 |  1.0
Axes           | 1 |  1.0
Maces & Flails | 1 |  1.0
Polearms       | 1 |  1.0
Staves         | 1 |  1.0
Slings         | 1 |  1.0
Bows           | 1 |  1.0
Dodging        | 1 |  1.0
Stealth        | 1 |  1.0
Shields        | 1 |  1.0
Unarmed Combat | 1 |  1.0
Spellcasting   | 1 |  1.0
Evocations     | 1 |  1.0
Fighting       | |  2.7
Long Blades    | |  2.7
Crossbows      | |  4.6
Throwing       | |  6.5
Armour         | |  2.7
Conjurations   | |  0.7
Hexes          | |  0.7
Summonings     | |  0.7
Necromancy     | |  0.7
Translocations | |  0.7
Transmutations | |  0.7
Fire Magic     | |  0.7
Ice Magic      | |  0.7
Air Magic      | |  0.7
Earth Magic    | |  0.7
Poison Magic   | |  0.7
Invocations    | |  4.6

Action                   || total
-------------------------++-------
 Fire: Hand crossbow     ||    42
Armor: Leather armour    ||     1
Dodge: Dodged            ||     5
